 Dungeon Crawl Stone Soup version 0.24-a0-613-g1ff6aac338 (webtiles) character file.

Game seed: 178485860556533152, levelgen mode: deterministic

8 Jorund the Chopper (level 2, 21/22 HPs)
             Began as a Demonspawn Gladiator on Sept 12, 2019.
             Quit the game on level 1 of the Dungeon.
             The game lasted 00:00:29 (279 turns).

Jorund the Chopper (Demonspawn Gladiator)            Turns: 279, Time: 00:00:29

Health: 21/22      AC:  4    Str: 14    XL:     2   Next: 0%
Magic:  2/2        EV: 12    Int:  9    God:
Gold:   18         SH:  0    Dex: 14    Spells: 1/1 levels left

rFire    . . .     SeeInvis .   a - +0 war axe
rCold    . . .     Gourm    .   (no shield)
rNeg     . . .     Faith    .   b - +0 leather armour
rPois    .         Spirit   .   c - +0 helmet
rElec    .         Reflect  .   (no cloak)
rCorr    .         Harm     .   (no gloves)
MR       .....                  (no boots)
Stlth    +.........             (no amulet)
HPRegen  0.07/turn              (no ring)
MPRegen  0.08/turn              (no ring)

@: no status effects
A: claws 1
a: no special abilities


You were on level 1 of the Dungeon.
You were not hungry.

You visited 1 branch of the dungeon, and saw 1 of its levels.

You collected 18 gold pieces.

Inventory:

Hand Weapons
 a - a +0 war axe (weapon)
Missiles
 d - 3 throwing nets (quivered)
Armour
 b - a +0 leather armour (worn)
 c - a +0 helmet (worn)
Scrolls
 g - 2 scrolls of teleportation {unknown}
Potions
 e - a potion of resistance {unknown}
 i - a potion of heal wounds {unknown}
Comestibles
 f - a ration
 h - 4 chunks of flesh


   Skills:
 + Level 2.1 Fighting
 + Level 3.1 Axes
 - Level 1.7 Throwing
 + Level 0.1 Armour
 - Level 2.6 Dodging


You had one spell level left.
You didn't know any spells.
Your spell library was empty.

Dungeon Overview and Level Annotations

Branches:
Dungeon (1/15)

Altars:


Innate Abilities, Weirdness & Mutations

You have sharp fingernails.


Message History

No target in view!
No target in view!
A goblin comes into view. It is wielding a +0 dagger.
The goblin shouts!
A goblin is nearby!
A rat comes into view.
A kobold comes into view.
A goblin comes into view.
A hobgoblin comes into view. It is wielding a +0 club.
The kobold shouts!
The goblin shouts!
A kobold comes into view. It is wielding a +0 whip.
The goblin hits you but does no damage.
The kobold shouts!
You slash the goblin!
You kill the goblin!
You have reached level 2!
You feel monstrous as your demonic heritage exerts itself.
Your demonic ancestry asserts itself...
Your fingernails lengthen.
You closely miss the rat. The rat bites you but does no damage.
Are you sure you want to abandon this character and quit the game? (Confirm with "yes".)

############
...........#
#........##
##.##+.#...######
#)@...[#........#
#.Kgr.#...#........#
#.K#.##...####.....###
#g #⌠ ##+.# #........
.. #. .....#.....###
#. ## .....####).### #
....#...#.....
...+...#..### ...#..#


You could see a hobgoblin, a goblin, 2 kobolds and a rat.

Vanquished Creatures
  A goblin (D:1)
  2 hobgoblins (D:1)
  A ball python (D:1)
  2 kobolds (D:1)
  2 rats (D:1)
8 creatures vanquished.

Notes
Turn   | Place    | Note
-------+----------+-------------------------------------------
     0 | D:1      | Jorund the Demonspawn Gladiator began the quest for the
                  | Orb.
     0 | D:1      | Reached XP level 1. HP: 16/16 MP: 1/1
    97 | D:1      | Reached skill level 3 in Axes
   278 | D:1      | Gained mutation: You have sharp fingernails. [demonic
                  | ancestry]
   278 | D:1      | Reached XP level 2. HP: 21/22 MP: 2/2
   279 | D:1      | Quit the game

Levels and vault maps discovered:
D:1:      ebering_trefoil_twist, layout_rooms, evilmike_ruin_ashenzari

Skill      XL: |  1 |
---------------+----+-----
Axes           | 3 |  3.1
Fighting       | |  2.1
Throwing       | |  1.7
Armour         | |  0.1
Dodging        | |  2.6

Action                   || total
-------------------------++-------
Melee: War axe           ||    25
Armor: Leather armour    ||     8
Dodge: Dodged            ||    12

Table legend:
 A = Non-vault XP
 B = Vault XP
 C = Vault XP percentage of total XP
 D = Non-vault monster count
 E = Vault monster count
 F = Vault count percentage of total count
                 A         B        C        D         E       F
            +---------+---------+-------+---------+---------+-------
      Total |      12 |       0 |   0.0 |       8 |       0 |   0.0
            +---------+---------+-------+---------+---------+-------
        D:1 |      12 |       0 |   0.0 |       8 |       0 |   0.0
            +---------+---------+-------+---------+---------+-------
